Map: Acid Plant LE

Players

Probe - Winner!

  • Race: Protoss Protoss
  • Spawn Location: 5:00

Cham

  • Race: Zerg Zerg
  • Spawn Location: 11:00

Event: WCS Austin 2018

VOD

Have the link to the VOD?

Description

Time

  • Played on: June 1, 2018, 5:28 p.m.
  • Length: 12:37

All games in this series

Show
View Real Time Build Order
Export as new Build Order

Probe Protoss - Winner!

Build Orders: 1 Gate Expand, Oracle Opening, Phoenix Opening, Chargelot Immortal 

Get SALT Encoding   

  12  0:00  Probe  
  13  0:12  Probe  
  14  0:20  Pylon  
  14  0:24  Probe  
  15  0:34  Probe  
  15  0:40  Gateway  
  15  0:42  Probe  
  16  0:48  Assimilator  
  17  0:52  Probe  
  18  1:04  Probe  
  19  1:16  Probe  
  20  1:25  Nexus  
  20  1:35  Cybernetics Core  
  20  1:37  Probe  
  21  1:46  Assimilator  
  21  1:49  Probe  
  21  1:52  Pylon  
  22  2:02  Probe  
  22  2:03  Adept  
  23  2:10  Probe  
  26  2:18  Probe  
  27  2:23  Stargate  
  27  2:29  Probe  
  27  2:33  Probe  
  27  2:34  Warp Gate  
  28  2:38  Adept  
  28  2:41  Probe x2  
  33  2:51  Probe  
  33  2:53  Probe  
  35  2:59  Phoenix  
  35  3:03  Probe  
  35  3:05  Adept, Probe  
  37  3:11  Pylon  
  41  3:15  Probe  
  41  3:17  Probe  
  43  3:21  Oracle  
  43  3:27  Probe  
  43  3:29  Probe  
  43  3:34  Gateway  
  48  3:35  Gateway  
  48  3:39  Pylon  
  48  3:40  Probe  
  49  3:45  Probe  
  50  3:48  Oracle  
  50  3:52  Probe  
  51  3:57  Probe  
  51  4:02  Assimilator x2  
  55  4:04  Probe, Pylon  
  57  4:10  Probe  
  57  4:16  Twilight Council, Probe  
  58  4:22  Probe  
  59  4:28  Resonating Glaives, Probe  
  60  4:34  Probe  
  60  4:37  Nexus  
  61  4:39  Pylon  
  61  4:40  Probe  
  61  4:42  Adept x3  
  68  4:46  Probe  
  68  4:51  Pylon  
  69  4:53  Probe  
  69  4:58  Probe  
  71  5:03  Adept x2  
  71  5:04  Adept  
  78  5:11  Pylon  
  77  5:14  Robotics Facility  
  77  5:25  Adept x3  
  77  5:27  Robotics Facility  
  83  5:33  Probe x2  
  85  5:39  Pylon  
  85  5:41  Shield Battery  
  85  5:45  Gateway  
  85  5:46  Gateway  
  85  5:53  Gateway  
  85  5:54  Probe x2  
  87  5:58  Immortal  
  87  5:59  Probe  
  87  6:00  Sentry x2  
  87  6:01  Sentry  
  94  6:10  Probe x2  
  94  6:11  Immortal  
  100  6:13  Probe  
  100  6:16  Pylon  
  101  6:22  Probe  
  101  6:25  Pylon, Probe  
  107  6:26  Probe  
  107  6:31  Pylon  
  108  6:34  Probe  
  108  6:35  Immortal  
  108  6:37  Probe  
  114  6:40  Immortal  
  114  6:44  Shield Battery  
  114  6:45  Shield Battery, Probe  
  114  6:46  Probe  
  116  6:52  Pylon  
  120  6:57  Assimilator  
  120  6:58  Assimilator  
  120  7:00  Charge  
  120  7:01  Gateway  
  120  7:03  Forge  
  120  7:07  Templar Archives  
  120  7:09  Immortal, Probe  
  120  7:11  Immortal  
  121  7:19  Protoss Ground Weapons Level 1  
  129  7:33  Psionic Storm  
  127  7:40  Pylon x2  
  127  7:44  Gateway  
  125  7:45  Immortal  
  125  7:49  Gateway  
  127  7:53  Zealot x5  
  135  8:02  Immortal  
  135  8:04  High Templar  
  141  8:08  Pylon  
  141  8:10  Pylon  
  141  8:14  High Templar x2  
  141  8:16  Zealot x3  
  151  8:26  Immortal  
  151  8:32  Zealot  
  157  8:36  Immortal  
  157  8:37  Zealot  
  157  8:38  Zealot x3  
  165  8:48  Zealot x4  
  175  8:59  High Templar x3  
  181  9:09  Pylon  
  181  9:12  Nexus  
  181  9:14  Observer x2  
  173  9:34  High Templar  
  173  9:35  Zealot x2, Immortal, High Templar  
  173  9:36  Immortal  
  189  9:42  Assimilator  
  189  9:46  Assimilator  
  189  9:48  Photon Cannon  
  189  9:49  Photon Cannon  
  189  9:52  Shield Battery  
  189  9:54  Pylon  
  189  9:57  Stalker x4  
  180  10:04  Stalker x2, Zealot  
  181  10:13  Stalker x2  
  181  10:17  Probe x2  
  179  10:25  Zealot  
  179  10:31  Probe  
  179  10:34  Zealot  
  180  10:44  Observer  
  180  10:47  Observer  
  178  10:51  Pylon x2  
  178  10:52  Pylon  
  178  10:54  Nexus  
  178  10:57  Pylon  
  178  10:59  Pylon  
  178  11:05  Immortal  
  178  11:09  Immortal  
  184  11:11  Zealot  
  184  11:12  Zealot x4  
  175  11:32  Zealot x9  
  163  11:57  Zealot x3  
  163  11:58  Probe  
  163  11:59  Stalker x3  
  163  12:00  Probe  
  161  12:15  Probe  
  161  12:21  Nexus  
  142  12:33  High Templar x4  
  142  12:34  High Templar x2  
Show
View Real Time Build Order
Export as new Build Order

Cham Zerg 

Build Orders: Hatch First, Lurkers, Roach Hydra 

Get SALT Encoding   

  12  0:00  Drone  
  13  0:08  Drone  
  14  0:16  Overlord  
  14  0:35  Drone  
  15  0:44  Hatchery  
  15  0:48  Drone  
  15  0:52  Drone  
  15  0:56  Drone  
  17  1:05  Drone  
  18  1:12  Extractor  
  18  1:17  Spawning Pool  
  16  1:19  Drone  
  16  1:23  Drone  
  18  1:33  Drone  
  19  1:45  Overlord  
  19  2:04  Queen  
  19  2:05  Queen  
  19  2:06  Zergling x4  
  25  2:25  Drone x2  
  25  2:27  Drone  
  28  2:31  Drone  
  28  2:32  Drone  
  30  2:41  Hatchery  
  29  2:45  Zergling x2  
  29  2:50  Queen  
  32  2:51  Drone  
  32  2:56  Drone x2  
  35  3:00  Overlord  
  35  3:07  Overlord  
  35  3:08  Drone  
  36  3:16  Overlord  
  37  3:20  Drone x4  
  37  3:26  Drone x2  
  42  3:29  Drone  
  42  3:31  Queen  
  45  3:36  Drone  
  45  3:39  Drone  
  47  3:42  Spore Crawler  
  47  3:44  Overlord  
  47  3:48  Drone x3  
  47  3:51  Drone  
  50  3:56  Spore Crawler  
  50  3:57  Spore Crawler  
  50  4:01  Drone x2  
  50  4:05  Overlord  
  50  4:08  Drone x2  
  52  4:10  Drone  
  52  4:14  Overlord  
  53  4:17  Drone  
  52  4:31  Roach Warren  
  52  4:33  Lair  
  52  4:35  Drone  
  52  4:36  Drone x3, Extractor x2  
  52  4:37  Overlord  
  53  4:38  Drone  
  53  4:41  Drone x3  
  53  4:44  Drone x2  
  53  4:45  Drone x2  
  60  4:51  Overlord  
  58  5:00  Queen  
  58  5:02  Drone x3  
  58  5:03  Drone x3  
  66  5:09  Overlord, Drone x3, Extractor  
  66  5:11  Roach  
  70  5:15  Roach  
  70  5:16  Roach  
  70  5:18  Roach  
  70  5:20  Roach  
  78  5:24  Roach x2  
  78  5:27  Roach  
  78  5:28  Roach  
  86  5:31  Glial Reconstitution  
  86  5:32  Roach  
  88  5:37  Roach  
  88  5:39  Roach  
  88  5:40  Roach  
  88  5:42  Roach  
  98  5:43  Roach  
  98  5:47  Queen  
  100  5:50  Roach x2  
  100  5:52  Roach  
  100  5:56  Roach  
  106  5:58  Overlord  
  106  5:59  Overlord  
  106  6:01  Overlord  
  106  6:05  Overlord  
  106  6:08  Overlord  
  106  6:10  Overlord  
  106  6:17  Roach x2  
  110  6:20  Roach x2  
  110  6:21  Drone x2  
  110  6:24  Drone x2  
  110  6:25  Drone x2  
  120  6:30  Drone, Hydralisk Den  
  120  6:31  Evolution Chamber  
  120  6:32  Drone  
  120  6:34  Extractor  
  120  6:36  Drone x3  
  120  6:38  Extractor  
  121  6:40  Overlord  
  121  6:45  Roach x2  
  125  6:49  Hatchery  
  125  6:53  Overlord  
  125  6:54  Drone x2  
  125  6:57  Zerg Missile Weapons Level 1  
  125  6:58  Overlord  
  126  7:01  Hydralisk  
  126  7:02  Grooved Spines, Hydralisk  
  126  7:04  Hydralisk  
  126  7:08  Hydralisk x2  
  132  7:10  Hydralisk  
  132  7:13  Hydralisk  
  140  7:15  Hydralisk  
  142  7:23  Hydralisk x3  
  142  7:27  Hydralisk x2  
  152  7:31  Hydralisk  
  152  7:34  Hydralisk x2  
  158  7:37  Hydralisk  
  158  7:41  Overlord  
  158  7:43  Hydralisk x2  
  164  7:46  Hydralisk  
  164  7:51  Pneumatized Carapace  
  165  7:58  Overlord x2  
  164  8:01  Roach x2, Hydralisk x2  
  172  8:05  Overlord  
  172  8:06  Overlord  
  172  8:13  Muscular Augments  
  172  8:14  Hydralisk  
  172  8:15  Roach x2  
  172  8:17  Roach x3  
  184  8:20  Hydralisk x2  
  184  8:24  Hydralisk  
  184  8:26  Hydralisk  
  192  8:28  Hydralisk  
  192  8:30  Hydralisk  
  196  8:35  Hydralisk  
  196  8:39  Hydralisk  
  192  8:50  Drone, Extractor  
  192  8:51  Drone x2, Lurker Den, Extractor  
  192  8:52  Drone x3  
  189  9:01  Hydralisk x3  
  189  9:02  Roach x2  
  199  9:16  Roach  
  181  9:30  Hydralisk x2  
  181  9:31  Roach x2  
  185  9:36  Roach x2, Hydralisk x2  
  193  9:39  Zerg Missile Weapons Level 2  
  193  9:52  Hatchery  
  184  10:06  Hydralisk x6  
  180  10:09  Roach x2  
  180  10:12  Roach x2  
  158  10:16  Drone  
  158  10:17  Drone x4  
  158  10:18  Drone x4  
  158  10:19  Drone x7  
  158  10:20  Roach x2, Hydralisk x2  
  168  10:22  Roach x2, Hydralisk x2  
  168  10:24  Hydralisk  
  168  10:27  Hydralisk  
  178  10:29  Hydralisk  
  180  10:36  Lurker x4  
  180  10:37  Extractor  
  180  10:39  Lurker  
  180  10:44  Lurker  
  180  10:47  Drone x2  
  180  10:48  Drone x2  
  184  10:56  Lurker  
  185  11:00  Hydralisk x4  
  185  11:01  Hatchery  
  192  11:04  Hydralisk  
  192  11:05  Hydralisk  
  194  11:15  Hydralisk x3  
  192  11:27  Hydralisk x2  
  192  11:28  Hydralisk  
  192  11:29  Hydralisk  
  180  11:34  Hydralisk  
  180  11:35  Hydralisk  
  180  11:38  Hydralisk x3, Lurker  
  181  11:44  Roach x2  
  158  11:49  Roach  
  158  11:51  Roach  
  126  11:55  Roach  
  126  11:58  Roach, Hydralisk  
  102  12:09  Roach x2, Hydralisk x2  
  102  12:11  Roach, Hydralisk  
  102  12:12  Roach  
  102  12:17  Roach  
Tags
 
Add a new tag
Caveats
  • Supply blocks, unpowered buildings, or Contaminate may cause inaccurate times.
  • Supply counts are checked every 10 seconds.